AA SOUTH
MISSISSIPPI BRAVES @ PENSACOLA BLUE WAHOOS
07/21/2041
 
TOP OF THE 1ST
Mississippi Braves batting - Pitching for Pensacola Blue Wahoos : RHP Leon D'Abrichecourt
Pitching: RHP Leon D'Abrichecourt
Batting: LHB Octávio Méndez 0-0: Ball
1-0: Ball
2-0: Fly out, F3 (Line Drive, 3, EV 70.0 MPH)
Batting: LHB Jorge Guevara 0-0: Ball
1-0: Foul Ball, location: 25F
1-1: Swinging Strike
1-2: Strikes out swinging
Batting: RHB Darryl Hayes 0-0: Called Strike
0-1: Ball
1-1: Ball
2-1: Fly out, F9 (Flyball, 9LM, EV 76.3 MPH)
Top of the 1st over - 0 runs, 0 hits, 0 errors, 0 left on base; Mississippi 0 - Pensacola 0
BOTTOM OF THE 1ST
Pensacola Blue Wahoos batting - Pitching for Mississippi Braves : RHP Matthew Wiltshire
Pitching: RHP Matthew Wiltshire
Batting: SHB Steve Clark 0-0: Ball
1-0: Ball
2-0: Ground out 5-3 (Groundball, 5, EV 99.4 MPH)
Batting: RHB Dan Offen 0-0: Ball
1-0: Ball
2-0: Foul Ball, location: 23F
2-1: Swinging Strike
2-2: Foul Ball, location: 2F
2-2: Ball
3-2: DOUBLE (Groundball, 5L, EV 103.1 MPH)
Batting: RHB Sang-keun Park 0-0: Called Strike
0-1: Ball
1-1: Ball
2-1: Ball
3-1: Called Strike
3-2: Fly out, F8 (Flyball, 8RD, EV 103.8 MPH)
Batting: SHB Jorge Mendoza 0-0: Called Strike
0-1: Swinging Strike
0-2: Ball
1-2: Ball
2-2: SINGLE (Groundball, 56D, EV 107.5 MPH)
Dan Offen to third
Runner from 3rd tries for Home, SAFE, throw by LF to home
Jorge Mendoza to second
Batting: LHB Juan Lazu 0-0: Ball
1-0: Fly out, F8 (Line Drive, 78M, EV 95.6 MPH)
Bottom of the 1st over - 1 run, 2 hits, 0 errors, 1 left on base; Mississippi 0 - Pensacola 1
TOP OF THE 2ND
Mississippi Braves batting - Pitching for Pensacola Blue Wahoos : RHP Leon D'Abrichecourt
Batting: RHB Kevin Dooley 0-0: Called Strike
0-1: Ball
1-1: Ball
2-1: Ball
3-1: Base on Balls
Batting: RHB Juan Magana 0-0: Bunt missed!
0-1: Ball
1-1: Ball
2-1: Sac Bunt to 23 - play at first, batter safe!
Kevin Dooley to second
Batting: LHB Augusto Rivera 0-0: Ball
1-0: Grounds into double play, 6-4-3 (Groundball, 6M, EV 106.9 MPH)
Kevin Dooley to third
Batting: RHB José Vargas 0-0: Called Strike
0-1: Foul Ball, location: 2F
0-2: Ground out 6-3 (Groundball, 56, EV 80.6 MPH)
Top of the 2nd over - 0 runs, 1 hit, 0 errors, 1 left on base; Mississippi 0 - Pensacola 1
BOTTOM OF THE 2ND
Pensacola Blue Wahoos batting - Pitching for Mississippi Braves : RHP Matthew Wiltshire
Batting: RHB Esteban Cabrera 0-0: Called Strike
0-1: Foul Ball, location: 3FF
0-2: Foul Ball, location: 9LSF
0-2: Ball
1-2: DOUBLE (Line Drive, 9LS, EV 86.3 MPH)
Batting: RHB Edgar López 0-0: Ball
1-0: Foul Ball, location: 9LMF
1-1: Ball
2-1: Fly out, F9 (Flyball, 9D, EV 110.6 MPH)
Runner from 2nd tags up, SAFE at 3rd, no throw by RF
Batting: RHB Ben Butler 0-0: Fly out, F5 (Line Drive, 56, EV 69.4 MPH)
Batting: RHB Lúcio Rodríguez 0-0: Called Strike
0-1: Fly out, F1 (Popup, P, EV 87.5 MPH)
Bottom of the 2nd over - 0 runs, 1 hit, 0 errors, 1 left on base; Mississippi 0 - Pensacola 1
TOP OF THE 3RD
Mississippi Braves batting - Pitching for Pensacola Blue Wahoos : RHP Leon D'Abrichecourt
Batting: RHB Luis Morán 0-0: Called Strike
0-1: SINGLE (Groundball, 6MD, EV 101.9 MPH) (infield hit)
Batting: RHB Juan Martínez 0-0: Ball
1-0: Bunted foul
1-1: Sac Bunt to 15 - play at first, batter OUT! 1-3
Luis Morán to second
Batting: LHB Octávio Méndez 0-0: Called Strike
0-1: Ball
1-1: Ball
2-1: Called Strike
2-2: Foul Ball, location: 2F
2-2: Foul Ball, location: 7LDF
2-2: Fly out, F7 (Flyball, 7, EV 79.4 MPH)
Batting: LHB Jorge Guevara 0-0: Ball
1-0: Foul Ball, location: 5FF
1-1: Foul Ball, location: 2F
1-2: Strikes out swinging
Top of the 3rd over - 0 runs, 1 hit, 0 errors, 1 left on base; Mississippi 0 - Pensacola 1
BOTTOM OF THE 3RD
Pensacola Blue Wahoos batting - Pitching for Mississippi Braves : RHP Matthew Wiltshire
Batting: SHB Steve Clark 0-0: Ball
1-0: SINGLE (Groundball, 23, EV 75.6 MPH) (infield hit)
Batting: RHB Dan Offen 0-0: Called Strike
0-1: Sac Bunt to 25 - play at first, batter OUT! 5-3
Steve Clark to second
Batting: RHB Sang-keun Park 0-0: Ball
1-0: Ball
2-0: Ball
3-0: Called Strike
3-1: SINGLE (Groundball, 6MD, EV 96.3 MPH)
Steve Clark to third
Runner from 3rd tries for Home, SAFE, throw by CF to home
Sang-keun Park to second
Batting: SHB Jorge Mendoza 0-0: Ball
1-0: Foul Ball, location: 7LSF
1-1: Foul Ball, location: 7LSF
1-2: Fly out, F7 (Flyball, 78D, EV 97.5 MPH)
Batting: LHB Juan Lazu 0-0: Swinging Strike
0-1: Foul Ball, location: 3FF
0-2: Ball
1-2: Foul Ball, location: 5SF
1-2: Ground out 4-3 (Groundball, 4, EV 84.4 MPH)
Bottom of the 3rd over - 1 run, 2 hits, 0 errors, 1 left on base; Mississippi 0 - Pensacola 2
TOP OF THE 4TH
Mississippi Braves batting - Pitching for Pensacola Blue Wahoos : RHP Leon D'Abrichecourt
Batting: RHB Darryl Hayes 0-0: Ball
1-0: Called Strike
1-1: Ball
2-1: Called Strike
2-2: Foul Ball, location: 9LSF
2-2: Fly out, F8 (Flyball, 8LD, EV 93.8 MPH)
Batting: RHB Kevin Dooley 0-0: Ball
1-0: Called Strike
1-1: Ball
2-1: Swinging Strike
2-2: Ball
3-2: Base on Balls
Batting: RHB Juan Magana 0-0: Ball
1-0: Called Strike
1-1: Ball
2-1: Foul Ball, location: 9LDF
2-2: Ball
3-2: Fielders Choice at 2nd, 1-6 (Groundball, 13S, EV 63.1 MPH)
Batting: LHB Augusto Rivera 0-0: Ball
1-0: Called Strike
1-1: Ground out 4-3 (Groundball, 4, EV 98.8 MPH)
Top of the 4th over - 0 runs, 0 hits, 0 errors, 1 left on base; Mississippi 0 - Pensacola 2
BOTTOM OF THE 4TH
Pensacola Blue Wahoos batting - Pitching for Mississippi Braves : RHP Matthew Wiltshire
Batting: RHB Esteban Cabrera 0-0: Ball
1-0: Ball
2-0: Ball
3-0: Base on Balls
Batting: RHB Edgar López 0-0: Bunted foul
0-1: Bunt - Flyout to 13S! F1
Batting: RHB Ben Butler 0-0: Ball
1-0: Foul Ball, location: 2F
1-1: SINGLE (Groundball, 34, EV 105.6 MPH)
Esteban Cabrera to second
Runner from 2nd tries for 3rd, SAFE, throw by RF made to third
Batting: RHB Lúcio Rodríguez 0-0: Swinging Strike
0-1: Ball
1-1: Foul Ball, location: 9LSF
1-2: Ball
2-2: Ball
3-2: Foul Ball, location: 5F
3-2: Foul Ball, location: 2F
3-2: Fly out, F5 (Line Drive, 56, EV 66.3 MPH)
Batting: SHB Steve Clark 0-0: DOUBLE (Line Drive, 78M, EV 96.9 MPH)
Esteban Cabrera scores
Ben Butler to third
Batting: RHB Dan Offen 0-0: Ball
1-0: Ground out 6-3 (Groundball, 56, EV 96.9 MPH)
Bottom of the 4th over - 1 run, 2 hits, 0 errors, 2 left on base; Mississippi 0 - Pensacola 3
TOP OF THE 5TH
Mississippi Braves batting - Pitching for Pensacola Blue Wahoos : RHP Leon D'Abrichecourt
Batting: RHB José Vargas 0-0: Ball
1-0: Ball
2-0: Ball
3-0: Called Strike
3-1: Ground out 1-3 (Groundball, 15S, EV 68.1 MPH)
Batting: RHB Luis Morán 0-0: Ball
1-0: Foul Ball, location: 9LSF
1-1: Ball
2-1: Ball
3-1: Fly out, F4 (Flyball, 4D, EV 95.0 MPH)
Batting: RHB Juan Martínez 0-0: Ball
1-0: Swinging Strike
1-1: Ball
2-1: Foul Ball, location: 9LMFF
2-2: SINGLE (Groundball, 4MD, EV 99.4 MPH)
Batting: LHB Octávio Méndez 0-0: Called Strike
0-1: Swinging Strike
0-2: Ball
1-2: Ball
2-2: Ball
3-2: Strikes out swinging
Top of the 5th over - 0 runs, 1 hit, 0 errors, 1 left on base; Mississippi 0 - Pensacola 3
BOTTOM OF THE 5TH
Pensacola Blue Wahoos batting - Pitching for Mississippi Braves : RHP Matthew Wiltshire
Batting: RHB Sang-keun Park 0-0: Ball
1-0: Swinging Strike
1-1: Swinging Strike
1-2: Fly out, F9 (Flyball, 9, EV 91.9 MPH)
Batting: SHB Jorge Mendoza 0-0: Foul Ball, location: 2F
0-1: Swinging Strike
0-2: Ball
1-2: Fly out, F9 (Flyball, 9, EV 94.4 MPH)
Batting: LHB Juan Lazu 0-0: Fly out, F8 (Line Drive, 8RXD, EV 110.0 MPH)
Bottom of the 5th over - 0 runs, 0 hits, 0 errors, 0 left on base; Mississippi 0 - Pensacola 3
TOP OF THE 6TH
Mississippi Braves batting - Pitching for Pensacola Blue Wahoos : RHP Leon D'Abrichecourt
Batting: LHB Jorge Guevara 0-0: Called Strike
0-1: Ground out U3 (Groundball, 34, EV 76.9 MPH)
Batting: RHB Darryl Hayes 0-0: Ball
1-0: Called Strike
1-1: Called Strike
1-2: Foul Ball, location: 7LDF
1-2: Foul Ball, location: 9LSF
1-2: Strikes out swinging
Batting: RHB Kevin Dooley 0-0: Ball
1-0: Ball
2-0: Foul Ball, location: 5SF
2-1: Ball
3-1: Called Strike
3-2: Ground out 4-3 (Groundball, 4, EV 86.9 MPH)
Top of the 6th over - 0 runs, 0 hits, 0 errors, 0 left on base; Mississippi 0 - Pensacola 3
BOTTOM OF THE 6TH
Pensacola Blue Wahoos batting - Pitching for Mississippi Braves : RHP Matthew Wiltshire
Batting: RHB Esteban Cabrera 0-0: Fly out, F7 (Flyball, 7, EV 90.0 MPH)
Batting: RHB Edgar López 0-0: Ground out 5-3 (Groundball, 56, EV 85.6 MPH)
Batting: RHB Ben Butler 0-0: Called Strike
0-1: Ball
1-1: Called Strike
1-2: Strikes out swinging
Bottom of the 6th over - 0 runs, 0 hits, 0 errors, 0 left on base; Mississippi 0 - Pensacola 3
TOP OF THE 7TH
Mississippi Braves batting - Pitching for Pensacola Blue Wahoos : RHP Leon D'Abrichecourt
Batting: RHB Juan Magana 0-0: Called Strike
0-1: Ball
1-1: SINGLE (Line Drive, 9S, EV 108.1 MPH)
Pitching: LHP Dave Tucker
Batting: LHB Augusto Rivera 0-0: Ball
1-0: Ball
2-0: Sac Bunt to 2R - play at first, batter OUT! 2-3
Juan Magana to second
Batting: RHB José Vargas 0-0: Ball
1-0: SINGLE (Groundball, 6MS, EV 64.4 MPH) (infield hit)
Juan Magana to third
Batting: RHB Luis Morán 0-0: Ball
1-0: Ball
2-0: Ball
3-0: Base on Balls
José Vargas to second
Batting: RHB Juan Martínez 0-0: Called Strike
0-1: Ball
1-1: Ball
2-1: Foul Ball, location: 5DF
2-2: Ball
3-2: SINGLE (Line Drive, 89S, EV 102.5 MPH)
Juan Magana scores
José Vargas to third
Luis Morán to second
Batting: LHB Octávio Méndez 0-0: Swinging Strike
0-1: Foul Ball, location: 2F
0-2: Fly out, F7 (Line Drive, 78S, EV 90.0 MPH)
Pinch Hitting: RHB Bert Robinson 0-0: Ball
1-0: Called Strike
1-1: Reached on error, E9 (Flyball, 89M, EV 91.3 MPH)
José Vargas scores
Luis Morán scores
Juan Martínez to third
Batting: RHB Darryl Hayes 0-0: Called Strike
0-1: Called Strike
0-2: Strikes out looking
Top of the 7th over - 3 runs, 3 hits, 1 error, 2 left on base; Mississippi 3 - Pensacola 3
BOTTOM OF THE 7TH
Pensacola Blue Wahoos batting - Pitching for Mississippi Braves : RHP Matthew Wiltshire
Pitching: LHP Phil Schmidt
Now at 1B: Danny Riach
Batting: RHB Lúcio Rodríguez 0-0: Called Strike
0-1: Ball
1-1: Foul Ball, location: 9LMF
1-2: Ball
2-2: Ball
3-2: Foul Ball, location: 3FF
3-2: Foul Ball, location: 23F
3-2: SINGLE (Groundball, 4MD, EV 99.4 MPH)
Batting: SHB Steve Clark 0-0: Bunted foul
0-1: Sac Bunt to 23 - play at second, runner OUT! 3-6
Batting: RHB Dan Offen 0-0: Called Strike
Steve Clark is caught stealing 2nd base 2-4
0-1: Called Strike
0-2: Hit by Pitch
Batting: RHB Sang-keun Park 0-0: Called Strike
0-1: Ball
1-1: Ball
2-1: Ground out 4-3 (Groundball, 4S, EV 90.0 MPH)
Bottom of the 7th over - 0 runs, 1 hit, 0 errors, 1 left on base; Mississippi 3 - Pensacola 3
TOP OF THE 8TH
Mississippi Braves batting - Pitching for Pensacola Blue Wahoos : LHP Dave Tucker
Batting: RHB Kevin Dooley 0-0: Foul Ball, location: 5DF
0-1: Ball
1-1: Ball
2-1: Swinging Strike
2-2: Strikes out swinging
Batting: RHB Juan Magana 0-0: Foul Ball, location: 5F
0-1: Swinging Strike
0-2: Ground out 6-3 (Groundball, 6M, EV 105.0 MPH)
Batting: LHB Augusto Rivera 0-0: Ball
1-0: Called Strike
1-1: Ball
2-1: Ball
3-1: Foul Ball, location: 7LSF
3-2: Base on Balls
Batting: RHB José Vargas 0-0: Ball
1-0: Called Strike
1-1: Called Strike
1-2: Foul Ball, location: 5SF
1-2: Ball
2-2: Ground out 5-3 (Groundball, 56S, EV 82.5 MPH)
Top of the 8th over - 0 runs, 0 hits, 0 errors, 1 left on base; Mississippi 3 - Pensacola 3
BOTTOM OF THE 8TH
Pensacola Blue Wahoos batting - Pitching for Mississippi Braves : LHP Phil Schmidt
Batting: SHB Jorge Mendoza 0-0: Called Strike
0-1: Fly out, F4 (Popup, 4, EV 68.8 MPH)
Pinch Hitting: RHB Luis Acevedo 0-0: Called Strike
0-1: Foul Ball, location: 9LDF
0-2: Ball
1-2: Ground out 6-3 (Groundball, 6, EV 100.0 MPH)
Batting: RHB Esteban Cabrera 0-0: Fly out, F2 (Popup, 23F, EV 88.1 MPH)
Bottom of the 8th over - 0 runs, 0 hits, 0 errors, 0 left on base; Mississippi 3 - Pensacola 3
TOP OF THE 9TH
Mississippi Braves batting - Pitching for Pensacola Blue Wahoos : LHP Dave Tucker
Now in LF: Luis Acevedo
Batting: RHB Luis Morán 0-0: Ball
1-0: Ball
2-0: Ball
3-0: Base on Balls
Batting: RHB Juan Martínez 0-0: Ball
1-0: Sac Bunt to 3S - play at first, batter OUT! 3-4
Luis Morán to second
Batting: LHB Octávio Méndez 0-0: DOUBLE (Line Drive, 5D, EV 103.1 MPH)
Luis Morán scores
Pitching: RHP Juan Orozco
Batting: RHB Danny Riach 0-0: Called Strike
Octávio Méndez steals 3rd base
0-1: Ball
1-1: Ball
2-1: Foul Ball, location: 25F
2-2: Ground out 6-3 (Groundball, P, EV 84.4 MPH)
Batting: LHB Phil Veeck 0-0: Ball
1-0: Ball
2-0: Ball
3-0: Called Strike
3-1: Called Strike
3-2: Fly out, F1 (Line Drive, P, EV 68.8 MPH)
Top of the 9th over - 1 run, 1 hit, 0 errors, 1 left on base; Mississippi 4 - Pensacola 3
BOTTOM OF THE 9TH
Pensacola Blue Wahoos batting - Pitching for Mississippi Braves : LHP Phil Schmidt
Pitching: RHP Oscar Baumgardener
Pinch Hitting: LHB Juan Cabrera 0-0: Ball
1-0: Ball
2-0: Fly out, F4 (Popup, 3D, EV 46.3 MPH)
Pinch Hitting: RHB Chris Pike 0-0: Called Strike
0-1: Ball
1-1: Foul Ball, location: 23F
1-2: Ball
2-2: Ball
3-2: Strikes out swinging
Pinch Hitting: LHB Xavier Ferreira 0-0: Ball
1-0: Foul Ball, location: 7LMF
1-1: Ground out U3 (Groundball, 3, EV 68.8 MPH)
Bottom of the 9th over - 0 runs, 0 hits, 0 errors, 0 left on base; Mississippi 4 - Pensacola 3
Monday, April 1st , 2024 - OOTP Baseball 24.10 Build 82